 Dungeon Crawl Stone Soup version 0.31-a0-256-g80acddb972 (webtiles) character file.

Game seed: 12457188512414103852

12 Morbidden the Changeling (level 2, 14/14 HPs)
             Began as a Spriggan Shapeshifter on July 13, 2023.
             Quit the game on level 1 of the Dungeon.
             The game lasted 00:00:42 (500 turns).

Morbidden the Changeling (Spriggan Shapeshifter)     Turns: 500, Time: 00:00:43

Health: 14/14      AC:  2    Str: 11    XL:     2   Next: 20%
Magic:  3/3        EV: 17    Int:  9    God:
Gold:   35         SH:  0    Dex: 15    Spells: 1/1 levels left

rFire   . .          .
                       - Unarmed
rCold   . . .        (no shield)
rNeg    . . .        a - +0 animal skin
rPois   .            (helmet currently unavailable)
rElec   .            (cloak currently unavailable)
rCorr   .            (gloves unavailable)
SInv    +            (boots unavailable)
Will    .....        (no amulet)
Stlth   +            (no ring)
HPRegen 0.22/turn    (no ring)
MPRegen 0.08/turn

%: no passive effects
@: beast-form, very quick
A: beast (slay +3), very small, no large weapons, unfitting armour, see
invisible, speed 3
a: no special abilities


You were on level 1 of the Dungeon.
You were a hulking beast.
You visited 1 branch of the dungeon, and saw 1 of its levels.

You collected 35 gold pieces.

Inventory:

Armour
 a - a +0 animal skin (worn)
Talismans
 c - a beast talisman
Scrolls
 d - a scroll of noise {unknown}
Potions
 b - a potion of lignification
 e - a potion of invisibility {unknown}


   Skills:
 * Level 1.5 Fighting
 * Level 2.8 Dodging
 * Level 1.6 Unarmed Combat
 * Level 4.5 Shapeshifting


You had one spell level left.
You didn't know any spells.
Your spell library was empty.

Dungeon Overview and Level Annotations

Branches:
Dungeon (1/15)

Altars:


Innate Abilities, Weirdness & Mutations

You are a hulking beast.
Your limbs bulge with bestial killing power. (Slay +3)
You are very small and have problems with some larger weapons.
You are too small for most types of armour.
You have supernaturally acute eyesight. (SInv)
You cover ground extremely quickly. (Speed+++)


Message History

The giant cockroach is heavily wounded.
The giant cockroach completely misses you.
A giant cockroach is nearby!
You completely miss the giant cockroach.
The giant cockroach is heavily wounded.
The giant cockroach bites you but does no damage.
The giant cockroach closely misses you.
A giant cockroach is nearby!
You completely miss the giant cockroach.
The giant cockroach is heavily wounded.
The giant cockroach completely misses you.
A giant cockroach is nearby!
You barely miss the giant cockroach.
The giant cockroach is heavily wounded.
The giant cockroach barely misses you.
A giant cockroach is nearby!
You closely miss the giant cockroach.
The giant cockroach is heavily wounded.
The giant cockroach bites you.
You closely miss the giant cockroach.
The giant cockroach is heavily wounded.
The giant cockroach closely misses you.
A giant cockroach is nearby!
You punch the giant cockroach!
You kill the giant cockroach!
HP restored.
You now have 35 gold pieces (gained 2).
You open the door.
There is an open door here.
e - a fuming clear potion Unknown command.
No target in view!
As you open the door, it creaks loudly!
No target in view!
Unknown command.
There is an open door here.
You see here 4 stones.
Key pressed, stopping explore.
No target in view!
Are you sure you want to abandon this character and quit the game? (Confirm with "yes".)

###########
#..h.......
#########
#.#########
#####
#.......###.###
.....
#.......'(....#
....
#.......##..#.#
#..#
#.......#.....#
#..#
#.......#....>#
#..#
#.......#.###.#
####..####
#.......'.#...#
#........#


There were no monsters in sight!

Vanquished Creatures
  A dart slug (D:1)
  A giant cockroach (D:1)
  A goblin (D:1)
  A hobgoblin (D:1)
  A kobold (D:1)
  A ball python (D:1)
  2 bats (D:1)
  2 rats (D:1)
10 creatures vanquished.

Notes
Turn   | Place    | Note
-------+----------+-------------------------------------------
     0 | D:1      | Morbidden the Spriggan Shapeshifter began the quest for the
                  | Orb.
     0 | D:1      | Reached XP level 1. HP: 10/10 MP: 2/2
   182 | D:1      | Reached XP level 2. HP: 9/14 MP: 3/3
   500 | D:1      | Quit the game

Illustrated notes

Levels and vault maps discovered:
D:1:      dpeg_arrival_boxes_within_box, layout_basic, serial_shops,
          nicolae_shop_rolled_up

Action                     || total
---------------------------++-------
  Melee: Unarmed           ||    46
         Punch             ||     1
   Stab: Sleeping          ||     2
 Armour: Animal skin       ||     4
  Dodge: Dodged            ||    43

Table legend: (Time is in decaauts)
 A = Elapsed time spent in this place.
 B = Non-inter-level travel time spent in this place.
 C = Inter-level travel time spent in this place.
 D = Time resting spent in this place.
 E = Time spent auto-exploring this place.
 F = Levels seen in this place.
 G = Mean time per level.
                   A        B        C        D        E       F      G
               +--------+--------+--------+--------+--------+-----+--------+
         Total |    427 |    427 |      0 |    247 |     83 |   1 |  427.0 |
       Dungeon |    427 |    427 |      0 |    247 |     83 |   1 |  427.0 |
               +--------+--------+--------+--------+--------+-----+--------+

Top non-repeatable levels by time:
     D:1: 427 daAuts
